 Dungeon Crawl Stone Soup version 0.29-a0-275-g389c0b56f3 (webtiles) character file.

Game seed: 14804265971061775647

22 sammy202020 the Skirmisher (level 2, 0/25 HPs)
             Began as a Palentonga Fighter on Mar 9, 2022.
             Killed from afar by a dart slug (5 damage)
             ... with a slug dart
             ... on level 2 of the Dungeon.
             The game lasted 00:01:39 (867 turns).

sammy202020 the Skirmisher (Palentonga Fighter)      Turns: 867, Time: 00:01:40

Health: 0/25       AC:  9    Str: 19    XL:     2   Next: 68%
Magic:  2/2        EV:  5    Int:  8    God:
Gold:   35         SH:  4    Dex:  9    Spells: 1/1 levels left

rFire   . . .      SeeInvis +   a - +0 flail
rCold   . . .      Faith    .   c - +0 buckler
rNeg    . . .      Spirit   .   j - +0 chain mail
rPois   .          Reflect  .   g - +2 hat
rElec   .          Harm     .   (no cloak)
rCorr   .          Rampage  .   (no gloves)
Will    .....                   (no barding)
Stlth   ..........              (no amulet)
HPRegen 0.08/turn               (no ring)
MPRegen 0.08/turn               (no ring)

@: mighty
A: large, rugged brown scales 3, see invisible, deformed body, roll 1, armoured
tail
a: Rolling Charge


You were on level 2 of the Dungeon.
You visited 1 branch of the dungeon, and saw 2 of its levels.

You collected 35 gold pieces.

Inventory:

Hand Weapons
 a - a +0 flail (weapon)
Armour
 c - a +0 buckler (worn)
 g - a +2 hat (worn)
 j - a +0 chain mail (worn)
Scrolls
 e - a scroll of immolation {unknown}
 f - a scroll of enchant weapon {unknown}
 h - 2 scrolls of teleportation {unknown}
 i - a scroll of silence {unknown}


   Skills:
 * Level 3.2 Fighting
 * Level 2.3 Maces & Flails
 * Level 2.7 Armour
 + Level 0.3 Dodging
 + Level 2.5 Shields


You had one spell level left.
You didn't know any spells.
Your spell library contained the following spells:

 Spells                   Type           Power      Damage    Failure   Level
 Beastly Appendage        Tmut           0%         N/A       100%        1
 Wereblood                Tmut           0%         N/A       100%        2
 Spider Form              Tmut/Pois      0%         N/A       100%        3


Dungeon Overview and Level Annotations

Branches:
Dungeon (2/15)

Altars:

Annotations:
D:2 Sigmund


Innate Abilities, Weirdness & Mutations

You are completely covered in rugged brown scales. (AC +3, +7% HP)
You have supernaturally acute eyesight. (SInv)
Armour fits poorly on your strangely shaped body.
You can roll at nearby foes to attack.
You have a long armoured tail.


Message History

You closely miss the ball python.
The ball python is moderately wounded.
The ball python bites you but does no damage. x2
You closely miss the ball python. You tail-slap the ball python.
You kill the ball python!
No target in view!
No target in view!
No target in view!
No target in view!
No target in view!
No target in view!
No target in view!
No target in view!
No target in view!
HP restored.
You open the door.
Sigmund, a frilled lizard, a dart slug and an adder come into view.
Sigmund shouts!
The frilled lizard hisses angrily.
The adder hisses angrily.
The dart slug launches a dart at you.
The slug dart hits you but does no damage.
Found 11 gold pieces.
There are monsters nearby!
Sigmund hits you but does no damage.
Sigmund mumbles some strange words.
Sigmund flickers and vanishes for a moment.
Sigmund attacks as you move away! Sigmund hits you with a +0 scythe.
Sigmund gestures at you while chanting. The puff of flame hits you.
Sigmund hits you with a +0 scythe.
Okay, then.
You feel very mighty all of a sudden. Sigmund hits you with a +0 scythe.
You barely miss Sigmund. Sigmund hits you but does no damage.
You closely miss Sigmund. Sigmund hits you with a +0 scythe.
* * * LOW HITPOINT WARNING * * *
You barely miss Sigmund. You closely miss Sigmund.
Sigmund hits you but does no damage. The dart slug launches a dart at you.
The slug dart misses Sigmund.
The slug dart hits you.
You die...

..wl...+ ......####
.........
#######+#w#......
.........lS......
.##+###.###.###......
........#...wS# .....
........#.#.#@# ....
........#...#@# ###
............#.#
............#.#
......†.....#.#
.........)..#.#
#...........#.#
+......<....+.#
#......#....###
#...........+


You could see Sigmund (invisible), an adder and a dart slug.

Vanquished Creatures
  2 dart slugs (D:1)
  An endoplasm (D:1)
  A giant cockroach (D:1)
  4 goblins
  3 hobgoblins (D:1)
  A quokka (D:1)
  A ball python (D:2)
  2 frilled lizards (D:1)
  A rat (D:1)
16 creatures vanquished.

Notes
Turn   | Place    | Note
-------+----------+-------------------------------------------
     0 | D:1      | sammy202020 the Palentonga Fighter began the quest for the
                  | Orb.
     0 | D:1      | Reached XP level 1. HP: 19/19 MP: 1/1
   413 | D:1      | Reached XP level 2. HP: 25/25 MP: 2/2
   850 | D:2      | Noticed Sigmund
   867 | D:2      | Killed from afar by a dart slug

Illustrated notes

Levels and vault maps discovered:
D:1:      zelgadis_glass_arrival_small, layout_loops_cross
D:2:      layout_basic, hellmonk_ecumenical_altar_inner_sanctum,
          minmay_fountain_box, uniq_sigmund

Action                   || total
-------------------------++-------
Melee: Flail             ||    50
       Tailslap          ||     5
  Use: Potion            ||     1
Armor: Scale mail        ||    18
       Chain mail        ||    13
Dodge: Dodged            ||    12
Block: Buckler           ||     7

Table legend: (Time is in decaauts)
 A = Elapsed time spent in this place.
 B = Non-inter-level travel time spent in this place.
 C = Inter-level travel time spent in this place.
 D = Time resting spent in this place.
 E = Time spent auto-exploring this place.
 F = Levels seen in this place.
 G = Mean time per level.
                   A        B        C        D        E       F      G
               +--------+--------+--------+--------+--------+-----+--------+
         Total |    883 |    874 |      9 |      0 |    672 |   2 |  441.5 |
       Dungeon |    883 |    874 |      9 |      0 |    672 |   2 |  441.5 |
               +--------+--------+--------+--------+--------+-----+--------+

Top non-repeatable levels by time:
     D:1: 826 daAuts
     D:2: 56 daAuts
